AoeStats
← John

Lombardia

510173131Analyzed
4v4 RM · 18h ago on Sep 29, 2026· 73m 21s· 8 players
Game mode
Random Map
Map size
Large (8 player)
Population
200
Speed
Normal
Resources
Standard
Victory
Conquest
Starting age
Dark Age
Ending age
Imperial Age
RankedLock teamsTeams togetherTeam positionsShared explorationLock speedFull tech treeHidden civsTurbo modeCheats
Victory
Defeat
🇦🇹 Muisca · Austria
1034
+16
🇭🇰 Byzantines · Hong Kong SAR China
1028
+16
🇹🇷 Chinese · Türkiye
1009
+17
🇭🇰 Hindustanis · Hong Kong SAR China
1006
+16
🇹🇷 Maya · Türkiye
1043
-17
🇨🇦 Aztecs · Canada
1038
-17
🇨🇦 Saxons · Canada
1025
-16
🇦🇲 Koreans · Armenia
998
-15
idle villager
10:46 Feudal Age
17:22 Castle Age
15:25 Double-Bit Axe
16:02 Horse Collar
18:45 Bow Saw
19:26 Wheelbarrow
18:58 Heavy Plow
21:07 Wheelbarrow
21:11 Gold Mining
24:17 Gold Shaft Mining
29:04 Imperial Age
26:23 Loom
27:20 Padded Archer Armor
27:46 Ballistics
28:26 Leather Archer Armor
28:50 Grand Trunk Road
31:02 Chemistry
30:34 Ring Archer Armor
30:30 Conscription
30:15 Shatagni
31:42 Two-Man Saw
30:51 Caravan
32:36 Thumb Ring
33:00 Scale Barding Armor
34:12 Chain Barding Armor
34:56 Siege Engineers
38:48 Masonry
40:50 Heavy Camel Rider
41:40 Bloodlines
41:31 Husbandry
40:52 Light Cavalry
42:40 Hussar
44:14 Plate Barding Armor
43:50 Forging
54:17 Iron Casting
53:58 Hand Cart
57:54 Imperial Camel Rider
62:23 Siege Elephant
69:12 Blast Furnace
Mr.MoneyBoy
8:34 Loom
10:40 Feudal Age
16:33 Castle Age
14:37 Horse Collar
14:52 Double-Bit Axe
16:10 Gold Mining
16:11 Stone Mining
25:55 Heavy Plow
26:05 Bow Saw
26:31 Gold Shaft Mining
26:32 Stone Shaft Mining
27:02 Wheelbarrow
26:12 Town Watch
26:57 Fletching
27:08 Padded Archer Armor
28:10 Hand Cart
28:13 Town Patrol
29:49 Bodkin Arrow
30:09 Leather Archer Armor
30:03 Thumb Ring
30:20 Ballistics
29:42 Treadmill Crane
32:03 Masonry
31:49 Murder Holes
36:24 Imperial Age
35:11 Forging
35:02 Scale Mail Armor
37:06 Bracer
38:11 Chemistry
36:38 Elite Guecha Warrior
37:48 Conscription
38:04 Hoardings
39:57 Iron Casting
39:38 Chain Mail Armor
40:09 Crop Rotation
40:42 Two-Man Saw
44:09 Plate Mail Armor
44:32 Squires
43:53 Elite Temple Guard
44:44 Herbalism
44:49 Huaracas
70:06 Guard Tower
70:21 Siege Engineers
74:36 Keep
Mr_FahrenHeit
10:41 Loom
12:27 Feudal Age
17:06 Castle Age
16:44 Double-Bit Axe
16:43 Horse Collar
18:29 Bow Saw
20:54 Heavy Plow
25:31 Wheelbarrow
28:42 Hand Cart
28:36 Gold Mining
28:57 Caravan
32:05 Imperial Age
33:52 Chemistry
34:00 Two-Man Saw
33:15 Fletching
32:49 Elite Chu Ko Nu
34:23 Conscription
35:30 Bodkin Arrow
36:36 Rocketry
36:28 Capped Ram
37:19 Bracer
37:13 Pikeman
37:27 Elite Skirmisher
38:39 Padded Archer Armor
39:01 Ballistics
39:13 Bombard Tower
39:59 Great Wall
40:32 Heavy Rocket Cart
41:02 Halberdier
41:06 Siege Ram
59:32 Light Cavalry
61:19 Forging
62:04 Bloodlines
61:56 Husbandry
62:03 Cavalier
香江七百萬大才子
2:55 Loom
12:48 Feudal Age
18:21 Castle Age
16:50 Gold Mining
16:48 Double-Bit Axe
17:13 Horse Collar
21:32 Bow Saw
27:36 Wheelbarrow
31:33 Imperial Age
29:18 Hand Cart
29:47 Caravan
30:24 Fletching
31:13 Husbandry
33:07 Gold Shaft Mining
32:24 Stone Mining
33:20 Conscription
34:23 Two-Man Saw
34:47 Elite Cataphract
35:38 Logistica
36:42 Stone Shaft Mining
37:12 Scale Barding Armor
37:17 Forging
41:50 Chain Barding Armor
42:05 Iron Casting
45:19 Plate Barding Armor
44:41 Bodkin Arrow
51:55 Light Cavalry
52:58 Bracer
52:46 Hussar
58:31 Padded Archer Armor
61:44 Chemistry
61:05 Ballistics
60:27 Treadmill Crane
71:00 Leather Archer Armor
74:24 Ring Archer Armor
Touseef
0:30 Loom
12:02 Feudal Age
16:56 Castle Age
16:03 Horse Collar
16:11 Double-Bit Axe
16:27 Stone Mining
16:28 Gold Mining
16:35 Gold Mining
18:28 Wheelbarrow
18:37 Caravan
26:13 Forging
31:41 Imperial Age
31:13 Iron Casting
30:38 Murder Holes
31:14 Scale Mail Armor
31:20 Heavy Plow
31:34 Bow Saw
33:07 Garland Wars
33:55 Stone Shaft Mining
34:32 Ballistics
35:07 Atlatl
35:05 Elite Skirmisher
35:12 Capped Ram
36:42 Gold Shaft Mining
36:00 Fletching
37:53 Hand Cart
37:23 Town Watch
37:36 Bodkin Arrow
38:55 Elite Jaguar Warrior
39:38 Siege Ram
40:53 Bracer
42:51 Blast Furnace
42:52 Pikeman
43:19 Gambesons
48:16 Chain Mail Armor
48:01 Padded Archer Armor
59:45 Fortified Wall
60:46 Plate Mail Armor
62:00 Chemistry
60:41 Treadmill Crane
71:42 Leather Archer Armor
Elizabeth^^
0:38 Loom
11:57 Feudal Age
16:11 Castle Age
13:59 Double-Bit Axe
13:58 Horse Collar
23:16 Bow Saw
25:10 Caravan
25:23 Heavy Plow
26:25 Wheelbarrow
26:11 Town Watch
27:26 Hand Cart
29:40 Town Patrol
34:34 Imperial Age
32:33 Fletching
33:38 Thumb Ring
32:54 Crossbowman
33:33 Bodkin Arrow
33:40 Padded Archer Armor
35:06 Ballistics
34:26 Treadmill Crane
34:42 Murder Holes
34:57 Masonry
35:59 Leather Archer Armor
36:21 Conscription
36:03 Bracer
37:13 Chemistry
36:08 Gold Mining
36:08 Stone Mining
36:05 Arbalester
38:05 Two-Man Saw
37:37 Crop Rotation
40:46 Holcans
40:31 Forging
40:22 Scale Mail Armor
40:23 Bracer
40:39 Leather Archer Armor
41:41 Stone Shaft Mining
40:53 Elite Skirmisher
42:31 Iron Casting
42:12 Chain Mail Armor
41:46 Eagle Warrior
42:27 Squires
42:12 Arson
43:31 Architecture
42:35 Pikeman
43:57 Elite Eagle Warrior
45:10 Halberdier
46:28 Hul'che Javelineers
47:27 Stone Shaft Mining
48:10 Plate Mail Armor
48:40 Blast Furnace
48:11 Ring Archer Armor
John
7:52 Loom
10:01 Feudal Age
10:29 Double-Bit Axe
13:26 Horse Collar
20:51 Castle Age
19:32 Gold Mining
22:28 Wheelbarrow
22:07 Bow Saw
22:53 Gambesons
23:08 Squires
28:29 Arson
31:11 Hand Cart
31:51 Caravan
33:43 Forging
33:34 Scale Mail Armor
35:02 Elite Skirmisher
36:07 Padded Archer Armor
35:58 Fletching
36:16 Pikeman
38:41 Chain Mail Armor
39:01 Iron Casting
42:27 Imperial Age
39:58 Clerical Recruitment
41:40 Bodkin Arrow
42:46 Shield Wall
43:48 Conscription
44:41 Iron Casting
44:15 Capped Ram
45:05 Thumb Ring
45:31 Elite Varangian Guard
48:15 Plate Mail Armor
47:39 Halberdier
51:35 Two-Man Saw
54:27 Leather Archer Armor
60:13 Bracer
59:36 Cranequins
61:20 Siege Ram
63:48 Heavy Plow
64:24 Ring Archer Armor
64:24 Man-at-Arms
66:04 Elite Hearth Troop
66:58 Heavy Mounted Crossbowman
g.mag
9:27 Loom
11:49 Feudal Age
16:54 Castle Age
15:57 Double-Bit Axe
24:38 Bow Saw
24:44 Horse Collar
25:31 Heavy Plow
31:58 Imperial Age
29:24 Town Watch
30:01 Ballistics
31:12 Caravan
31:22 Crossbowman
32:08 Thumb Ring
33:13 Fletching
34:09 Arbalester
34:18 Heavy Rocket Cart
37:12 Chemistry
38:22 Bodkin Arrow
39:13 Elite Skirmisher
42:11 Two-Man Saw
42:10 Bracer
41:33 Heavy Cavalry Archer
44:22 Shinkichon
48:23 Capped Ram
49:40 Elite Fire Lancer
50:22 Squires
50:56 Pikeman
51:23 Arson
55:19 Murder Holes
55:11 Arrowslits
55:16 Man-at-Arms
56:33 Halberdier
59:07 Masonry
60:06 Long Swordsman
64:52 Two-Handed Swordsman
65:52 Forging
65:42 Scale Mail Armor
68:03 Architecture
67:06 Champion
68:32 Iron Casting
68:26 Chain Mail Armor
72:26 Champion
73:40 Plate Mail Armor
Connection lost

Rejoining the realm…

Still unreachable

The connection could not be restored.

Session expired

The server has moved on; the page needs a fresh start.